| TOP OF THE 1ST |
|
Savannah Indians batting - Pitching for Charlotte Hornets : LHP Ken Dayley
|
|
Pitching: LHP Ken Dayley
|
|
|
Batting: RHB Angel Salazar
|
0-0: Ball 1-0: Called Strike 1-1: SINGLE (Groundball, 34D, EV 98.1 MPH)
|
|
Batting: LHB Kelvin Torve
|
0-0: Ball 1-0: Ball 2-0: Ball 3-0: Base on Balls Angel Salazar to second
|
|
Batting: RHB Jim Paciorek
|
0-0: Ball 1-0: Called Strike 1-1: Ball 2-1: Foul Ball, location: 2F 2-2: Strikes out swinging
|
|
Batting: RHB Wade Rowdon
|
0-0: Ball 1-0: Called Strike Angel Salazar steals 3rd base Kelvin Torve to second 1-1: Ball 2-1: Called Strike 2-2: Strikes out swinging
|
|
Batting: RHB Ramiro Gutierrez
|
0-0: Called Strike 0-1: Foul Ball, location: 2F 0-2: Ball 1-2: Foul Ball, location: 2F 1-2: Fly out, F7 (Flyball, 7LD, EV 108.1 MPH)
|
| Top of the 1st over - 0 runs, 1 hit, 0 errors, 2 left on base; Savannah 0 - Charlotte 0 |
| BOTTOM OF THE 1ST |
|
Charlotte Hornets batting - Pitching for Savannah Indians : LHP Dennis Rasmussen
|
|
Pitching: LHP Dennis Rasmussen
|
|
|
Batting: RHB Charles Stafford
|
0-0: Swinging Strike 0-1: Ball 1-1: Foul Ball, location: 2F 1-2: Ball 2-2: Strikes out swinging
|
|
Batting: RHB Juan Bonilla
|
0-0: Ball 1-0: Ground out U3 (Groundball, 3, EV 84.4 MPH)
|
|
Batting: RHB Ron Johnson
|
0-0: Called Strike 0-1: Ball 1-1: Swinging Strike 1-2: Ball 2-2: Foul Ball, location: 2F 2-2: Foul Ball, location: 2F 2-2: Strikes out swinging
|
| Bottom of the 1st over - 0 runs, 0 hits, 0 errors, 0 left on base; Savannah 0 - Charlotte 0 |
| TOP OF THE 2ND |
|
Savannah Indians batting - Pitching for Charlotte Hornets : LHP Ken Dayley
|
|
Batting: LHB Roberto Hernandez
|
0-0: Called Strike 0-1: Swinging Strike 0-2: SINGLE (Line Drive, 78M, EV 103.8 MPH)
|
|
Batting: RHB Eddie Vargas
|
0-0: Foul Ball, location: 2F 0-1: Ball 1-1: Ball 2-1: Foul Ball, location: 2F 2-2: TRIPLE (Line Drive, 78XD, EV 106.3 MPH) Roberto Hernandez scores
|
|
Batting: RHB Mario Diaz
|
0-0: Ball 1-0: Ball 2-0: Called Strike 2-1: Fly out, F5 (Popup, 15, EV 80.0 MPH)
|
|
Batting: RHB T.J. Johnson
|
0-0: Ball 1-0: Called Strike 1-1: Ball Wild Pitch! Eddie Vargas scores 2-1: Swinging Strike 2-2: Foul Ball, location: 2F 2-2: Strikes out swinging, 2-3 out at first.
|
|
Batting: RHB Angel Salazar
|
0-0: Fly out, F9 (Line Drive, 9, EV 90.0 MPH)
|
| Top of the 2nd over - 2 runs, 2 hits, 0 errors, 0 left on base; Savannah 2 - Charlotte 0 |
| BOTTOM OF THE 2ND |
|
Charlotte Hornets batting - Pitching for Savannah Indians : LHP Dennis Rasmussen
|
|
Batting: RHB Tom Romano
|
0-0: Ball 1-0: Called Strike 1-1: Foul Ball, location: 2F 1-2: Ball 2-2: Ground out U3 (Groundball, 3, EV 96.3 MPH)
|
|
Batting: RHB Barry Lyons
|
0-0: Swinging Strike 0-1: Ground out 1-3 (Groundball, 34S, EV 76.3 MPH)
|
|
Batting: LHB Jesus Diaz
|
0-0: Foul Ball, location: 2F 0-1: Called Strike 0-2: Ball 1-2: Ball 2-2: Ball 3-2: Strikes out looking
|
| Bottom of the 2nd over - 0 runs, 0 hits, 0 errors, 0 left on base; Savannah 2 - Charlotte 0 |
| TOP OF THE 3RD |
|
Savannah Indians batting - Pitching for Charlotte Hornets : LHP Ken Dayley
|
|
Batting: LHB Kelvin Torve
|
0-0: Ball 1-0: SINGLE (Groundball, 3D, EV 97.5 MPH)
|
|
Batting: RHB Jim Paciorek
|
0-0: Fly out, F7 (Flyball, 7S, EV 86.9 MPH)
|
|
Batting: RHB Wade Rowdon
|
0-0: DOUBLE (Flyball, 89XD, EV 98.1 MPH) Kelvin Torve to third Runner from 3rd tries for Home, SAFE, throw by RF to trailing runner, SAFE at third!
|
|
Batting: RHB Ramiro Gutierrez
|
0-0: Ball 1-0: Called Strike 1-1: Ball Passed Ball! Wade Rowdon scores 2-1: Ball 3-1: Base on Balls
|
|
Batting: LHB Roberto Hernandez
|
0-0: Foul Ball, location: 2F 0-1: Ball 1-1: Ball 2-1: Foul Ball, location: 2F 2-2: Strikes out swinging
|
|
Batting: RHB Eddie Vargas
|
0-0: Ball 1-0: Ball 2-0: Called Strike 2-1: Ball 3-1: Foul Ball, location: 2F 3-2: Base on Balls Ramiro Gutierrez to second
|
|
Batting: RHB Mario Diaz
|
0-0: Called Strike 0-1: Ball 1-1: Fly out, F7 (Flyball, 7LD, EV 92.5 MPH)
|
| Top of the 3rd over - 2 runs, 2 hits, 0 errors, 2 left on base; Savannah 4 - Charlotte 0 |
| BOTTOM OF THE 3RD |
|
Charlotte Hornets batting - Pitching for Savannah Indians : LHP Dennis Rasmussen
|
|
Batting: RHB Alvaro Espinoza
|
0-0: Ball 1-0: Ball 2-0: Called Strike 2-1: Swinging Strike 2-2: Ground out 5-3 (Groundball, 5S, EV 80.0 MPH)
|
|
Batting: SHB Jose Mota
|
0-0: Swinging Strike 0-1: Ball 1-1: Foul Ball, location: 2F 1-2: Strikes out swinging
|
|
Batting: RHB John O'Rear
|
0-0: Swinging Strike 0-1: Called Strike 0-2: Ball 1-2: Strikes out swinging
|
| Bottom of the 3rd over - 0 runs, 0 hits, 0 errors, 0 left on base; Savannah 4 - Charlotte 0 |
| TOP OF THE 4TH |
|
Savannah Indians batting - Pitching for Charlotte Hornets : LHP Ken Dayley
|
|
Batting: RHB T.J. Johnson
|
0-0: Called Strike 0-1: Swinging Strike 0-2: Strikes out swinging
|
|
Batting: RHB Angel Salazar
|
0-0: Called Strike 0-1: Ball 1-1: Foul Ball, location: 2F 1-2: Strikes out swinging
|
|
Batting: LHB Kelvin Torve
|
0-0: Called Strike 0-1: Ground out 6-3 (Groundball, 6S, EV 81.3 MPH)
|
| Top of the 4th over - 0 runs, 0 hits, 0 errors, 0 left on base; Savannah 4 - Charlotte 0 |
| BOTTOM OF THE 4TH |
|
Charlotte Hornets batting - Pitching for Savannah Indians : LHP Dennis Rasmussen
|
|
Batting: RHB Charles Stafford
|
0-0: Ball 1-0: Foul Ball, location: 2F 1-1: Ball 2-1: SINGLE (Groundball, 3D, EV 96.9 MPH)
|
|
Batting: RHB Juan Bonilla
|
0-0: Called Strike 0-1: Grounds into double play, 4-6-3 (Groundball, 4, EV 108.8 MPH)
|
|
Batting: RHB Ron Johnson
|
0-0: Called Strike 0-1: Foul Ball, location: 2F 0-2: Ball 1-2: Foul Ball, location: 2F 1-2: Fly out, F9 (Line Drive, 9, EV 105.6 MPH)
|
| Bottom of the 4th over - 0 runs, 1 hit, 0 errors, 0 left on base; Savannah 4 - Charlotte 0 |
| TOP OF THE 5TH |
|
Savannah Indians batting - Pitching for Charlotte Hornets : LHP Ken Dayley
|
|
Batting: RHB Jim Paciorek
|
0-0: Foul Ball, location: 2F 0-1: SINGLE (Groundball, 56D, EV 97.5 MPH)
|
|
Batting: RHB Wade Rowdon
|
0-0: Ball 1-0: Ball 2-0: Called Strike 2-1: Swinging Strike 2-2: Foul Ball, location: 2F 2-2: Strikes out swinging
|
|
Batting: RHB Ramiro Gutierrez
|
0-0: Ball 1-0: Ball 2-0: Called Strike 2-1: Grounds into double play, 4-6-3 (Groundball, 34, EV 84.4 MPH)
|
| Top of the 5th over - 0 runs, 1 hit, 0 errors, 0 left on base; Savannah 4 - Charlotte 0 |
| BOTTOM OF THE 5TH |
|
Charlotte Hornets batting - Pitching for Savannah Indians : LHP Dennis Rasmussen
|
|
Batting: RHB Tom Romano
|
0-0: Called Strike 0-1: Fly out, F9 (Line Drive, 9D, EV 100.6 MPH)
|
|
Batting: RHB Barry Lyons
|
0-0: Ball 1-0: Ball 2-0: Ball 3-0: Called Strike 3-1: Foul Ball, location: 2F 3-2: Fly out, F8 (Flyball, 78D, EV 82.5 MPH)
|
|
Batting: LHB Jesus Diaz
|
0-0: Ball 1-0: Ball 2-0: Foul Ball, location: 2F 2-1: Ground out 4-3 (Groundball, 34, EV 98.8 MPH)
|
| Bottom of the 5th over - 0 runs, 0 hits, 0 errors, 0 left on base; Savannah 4 - Charlotte 0 |
| TOP OF THE 6TH |
|
Savannah Indians batting - Pitching for Charlotte Hornets : LHP Ken Dayley
|
|
Batting: LHB Roberto Hernandez
|
0-0: Foul Ball, location: 2F 0-1: Swinging Strike 0-2: Ball 1-2: Ball 2-2: Foul Ball, location: 2F 2-2: Strikes out swinging
|
|
Batting: RHB Eddie Vargas
|
0-0: Swinging Strike 0-1: Ball 1-1: Ground out 6-3 (Groundball, 6S, EV 77.5 MPH)
|
|
Batting: RHB Mario Diaz
|
0-0: Foul Ball, location: 2F 0-1: Fly out, F7 (Line Drive, 7D, EV 90.6 MPH)
|
| Top of the 6th over - 0 runs, 0 hits, 0 errors, 0 left on base; Savannah 4 - Charlotte 0 |
| BOTTOM OF THE 6TH |
|
Charlotte Hornets batting - Pitching for Savannah Indians : LHP Dennis Rasmussen
|
|
Batting: RHB Alvaro Espinoza
|
0-0: Called Strike 0-1: SINGLE (Groundball, 6MD, EV 99.4 MPH)
|
|
Batting: SHB Jose Mota
|
0-0: Ball 1-0: Called Strike 1-1: Ball 2-1: Fielders Choice at 2nd, 6-4 (Groundball, 56, EV 101.3 MPH)
|
|
Batting: RHB John O'Rear
|
0-0: Ball 1-0: Foul Ball, location: 2F 1-1: Grounds into double play, 4-6-3 (Groundball, 4, EV 81.9 MPH)
|
| Bottom of the 6th over - 0 runs, 1 hit, 0 errors, 0 left on base; Savannah 4 - Charlotte 0 |
| TOP OF THE 7TH |
|
Savannah Indians batting - Pitching for Charlotte Hornets : LHP Ken Dayley
|
|
Batting: RHB T.J. Johnson
|
0-0: SINGLE (Line Drive, 8RS, EV 97.5 MPH)
|
|
Batting: RHB Angel Salazar
|
0-0: Ball 1-0: Called Strike 1-1: Called Strike 1-2: Strikes out swinging
|
|
Pitching: RHP Mark Saunders
|
|
|
Batting: LHB Kelvin Torve
|
0-0: Foul Ball, location: 2F 0-1: Ball 1-1: Swinging Strike 1-2: Foul Ball, location: 2F 1-2: Foul Ball, location: 2F 1-2: Foul Ball, location: 2F 1-2: Fielders Choice at 2nd, 4-6 (Groundball, 4, EV 92.5 MPH)
|
|
Batting: RHB Jim Paciorek
|
0-0: Ball 1-0: Called Strike 1-1: DOUBLE (Line Drive, 7LD, EV 104.4 MPH) Kelvin Torve to third Runner from 3rd tries for Home, SAFE, throw by LF to home
|
|
Batting: RHB Wade Rowdon
|
0-0: Foul Ball, location: 2F 0-1: Foul Ball, location: 2F 0-2: Ball 1-2: Strikes out swinging
|
| Top of the 7th over - 1 run, 2 hits, 0 errors, 1 left on base; Savannah 5 - Charlotte 0 |
| BOTTOM OF THE 7TH |
|
Charlotte Hornets batting - Pitching for Savannah Indians : LHP Dennis Rasmussen
|
|
Batting: RHB Charles Stafford
|
0-0: Ball 1-0: Foul Ball, location: 2F 1-1: Ball 2-1: Ball 3-1: Base on Balls
|
|
Batting: RHB Juan Bonilla
|
Pickoff Throw to First - Error! E1 Charles Stafford to second 0-0: Foul Ball, location: 2F 0-1: Ball 1-1: Ball 2-1: Swinging Strike 2-2: Ball 3-2: Ground out 1-3 (Groundball, 13, EV 70.6 MPH) Charles Stafford to third
|
|
Batting: RHB Ron Johnson
|
0-0: Ball 1-0: Foul Ball, location: 2F 1-1: DOUBLE (Line Drive, 9LS, EV 97.5 MPH) Charles Stafford scores
|
|
Batting: RHB Tom Romano
|
0-0: Called Strike 0-1: Ball 1-1: Fly out, F8 (Line Drive, 8LD, EV 91.9 MPH)
|
|
Batting: RHB Barry Lyons
|
0-0: Ball 1-0: Ball 2-0: Ball 3-0: SINGLE (Line Drive, 8LS, EV 105.0 MPH) Ron Johnson to third Runner from 3rd tries for Home, SAFE, throw by CF to home
|
|
Batting: LHB Jesus Diaz
|
0-0: Ball 1-0: Swinging Strike 1-1: Swinging Strike 1-2: Fly out, F9 (Flyball, 9, EV 98.8 MPH)
|
| Bottom of the 7th over - 2 runs, 2 hits, 1 error, 1 left on base; Savannah 5 - Charlotte 2 |
| TOP OF THE 8TH |
|
Savannah Indians batting - Pitching for Charlotte Hornets : RHP Mark Saunders
|
|
Batting: RHB Ramiro Gutierrez
|
0-0: Ball 1-0: Ball 2-0: Fly out, F7 (Line Drive, 7D, EV 87.5 MPH)
|
|
Batting: LHB Roberto Hernandez
|
0-0: Called Strike 0-1: Foul Ball, location: 2F 0-2: Ball 1-2: Ground out 4-3 (Groundball, 34, EV 100.6 MPH)
|
|
Batting: RHB Eddie Vargas
|
0-0: Ball 1-0: Called Strike 1-1: Fly out, F6 (Popup, 6M, EV 54.4 MPH)
|
| Top of the 8th over - 0 runs, 0 hits, 0 errors, 0 left on base; Savannah 5 - Charlotte 2 |
| BOTTOM OF THE 8TH |
|
Charlotte Hornets batting - Pitching for Savannah Indians : LHP Dennis Rasmussen
|
|
Batting: RHB Alvaro Espinoza
|
0-0: Ball 1-0: Ball 2-0: Swinging Strike 2-1: Ball 3-1: Base on Balls
|
|
Batting: SHB Jose Mota
|
0-0: Ball 1-0: Called Strike 1-1: Swinging Strike 1-2: Strikes out swinging
|
|
Batting: RHB John O'Rear
|
0-0: Called Strike 0-1: Ball 1-1: SINGLE (Groundball, 56D, EV 98.1 MPH) Alvaro Espinoza to second
|
|
Batting: RHB Charles Stafford
|
0-0: Ball 1-0: Called Strike 1-1: Foul Ball, location: 2F 1-2: Ball 2-2: Ball 3-2: Strikes out swinging
|
|
Batting: RHB Juan Bonilla
|
0-0: Ball 1-0: Ground out U3 (Groundball, 3S, EV 85.6 MPH)
|
| Bottom of the 8th over - 0 runs, 1 hit, 0 errors, 2 left on base; Savannah 5 - Charlotte 2 |
| TOP OF THE 9TH |
|
Savannah Indians batting - Pitching for Charlotte Hornets : RHP Mark Saunders
|
|
Pitching: RHP Jorge Solano
|
|
|
Batting: RHB Mario Diaz
|
0-0: Fly out, F8 (Flyball, 89M, EV 93.1 MPH)
|
|
Batting: RHB T.J. Johnson
|
0-0: Ball 1-0: Ground out 6-3 (Groundball, 4MD, EV 104.4 MPH)
|
|
Batting: RHB Angel Salazar
|
0-0: Foul Ball, location: 2F 0-1: Fly out, F9 (Flyball, 9LD, EV 92.5 MPH)
|
| Top of the 9th over - 0 runs, 0 hits, 0 errors, 0 left on base; Savannah 5 - Charlotte 2 |
| BOTTOM OF THE 9TH |
|
Charlotte Hornets batting - Pitching for Savannah Indians : LHP Dennis Rasmussen
|
|
Pitching: RHP Joel Willett
|
|
|
Batting: RHB Ron Johnson
|
0-0: SINGLE (Groundball, 34D, EV 103.1 MPH) (infield hit)
|
|
Batting: RHB Tom Romano
|
0-0: Ball 1-0: Ball 2-0: Called Strike 2-1: Ball 3-1: Fly out, F8 (Flyball, 8RXD, EV 100.6 MPH)
|
|
Batting: RHB Barry Lyons
|
0-0: Ball 1-0: SINGLE (Popup, 4D, EV 48.8 MPH) Ron Johnson to second
|
|
Batting: LHB Jesus Diaz
|
0-0: Foul Ball, location: 2F 0-1: Fielders Choice at 2nd, 4-6 (Groundball, 4, EV 92.5 MPH) Ron Johnson to third
|
|
Batting: RHB Alvaro Espinoza
|
0-0: Ground out 5-3 (Groundball, 56S, EV 90.0 MPH)
|
| Bottom of the 9th over - 0 runs, 2 hits, 0 errors, 2 left on base; Savannah 5 - Charlotte 2 |
|